AoeStats
← LearningNewCivsPlsHelp

Oasis

508787796Analyzed
2v2 RM · 7d ago on Sep 24, 2026· 20m 48s· 4 players
Game mode
Random Map
Map size
Medium (4 player)
Population
200
Speed
Normal
Resources
Standard
Victory
Conquest
Starting age
Dark Age
Ending age
Imperial Age
RankedLock teamsTeams togetherTeam positionsShared explorationLock speedFull tech treeHidden civsTurbo modeCheats
Victory
Defeat
🇨🇱 Japanese · Chile
1417
+11
🇨🇱 Byzantines · Chile
1368
+14
🇧🇷 Saxons · Brazil
1501
-19
🇧🇷 Varangians · Brazil
1109
-6
AiM | Zoldyck
6:07 Loom
8:17 Feudal Age
8:39 Man-at-Arms
13:03 Fletching
18:40 Castle Age
17:31 Padded Archer Armor
17:29 Double-Bit Axe
19:38 Bow Saw
19:32 Bodkin Arrow
AiM | d!ego
4:39 Loom
9:48 Feudal Age
11:18 Wheelbarrow
10:29 Double-Bit Axe
10:26 Horse Collar
20:26 Castle Age
Stock_br
11:03 Feudal Age
9:18 Loom
17:22 Bloodlines
LearningNewCivsPlsHelp
10:13 Feudal Age
14:08 Castle Age
12:27 Double-Bit Axe
12:24 Horse Collar
12:47 Loom
Connection lost

Rejoining the realm…

Still unreachable

The connection could not be restored.

Session expired

The server has moved on; the page needs a fresh start.